Stars vs Lightning

Created - 9 mars 2018 at 21:03

Goals
1 2 3 T
Stars 1 0 1 2
Lightning 0 3 1 4
Shots
1 2 3 T
Stars 6 9 6 21
Lightning 9 14 8 31

1st period

1. Stars , Devin Shore 11 (Richard Panik 30, Jeff Petry 24) at 2:59

Penalties :
Erik Gudbranson (TBL) for Tripping (Minor) at 0:38

2nd period

2. Lightning , Patric Hornqvist 30 (Kevin Klein 20, Henrik Zetterberg 52) at 12:43
3. Lightning , Vernon Fiddler 3 (Matt Hendricks 11, Teddy Purcell 15) at 15:56
4. Lightning , Johnny Gaudreau 28 (Jeff Carter 45) at 17:08

Penalties :
Rasmus Ristolainen (DAL) for Boarding (Minor) at 0:57

3rd period

5. Stars , Devin Shore 12 (Tommy Wingels 10, John Klingberg 23) at 1:05
6. Lightning , Trevor Daley 13 (Patrick Eaves 22, Jeff Carter 46) at 3:08 (PP)

Penalties :
Kyle Okposo (DAL) for Slashing (Minor) at 2:58, Brandon Manning (DAL) for Interference (Minor) at 15:57

Goalie Stats

Jonathan Quick (DAL), 27 saves from 31 shots - (0.871), L, 27-19-12, 60:00 minutes
Kari Lehtonen (TBL), 19 saves from 21 shots - (0.905), W, 32-20-7, 60:00 minutes

Players Stats for Stars

Player Name              G  A  P  +/- PIM S  H  SB GA TA FO     MP     PP MP  PK MP  
------------------------------------------------------------------------------------
Brandon Manning          0  0  0  -1  2   0  1  0  0  0  0/0    13:17   0:00   0:38 
Devin Shore              2  0  2   1  0   4  0  0  0  0  6/13   12:02   0:00   0:27 
Duncan Keith             0  0  0  -1  0   0  1  3  0  0  0/0    26:59   0:56   2:02 
Jack Eichel              0  0  0  -1  0   4  0  0  0  0  5/22   21:53   1:03   0:00 
Jakub Voracek            0  0  0  -1  0   2  0  0  0  0  1/2    15:58   0:56   0:00 
Jeff Petry               0  1  1  -1  0   0  1  2  0  0  0/0    15:14   0:00   2:06 
John Klingberg           0  1  1   1  0   2  0  0  0  0  0/0    21:22   0:56   0:35 
John Mitchell            0  0  0   0  0   1  1  0  0  0  2/7     7:35   0:00   1:09 
Jonathan Huberdeau       0  0  0  -1  0   0  3  0  0  0  0/1    22:31   1:03   0:38 
Jonny Brodzinski         0  0  0   0  0   0  1  1  0  0  0/0     6:26   0:00   0:00 
Kyle Okposo              0  0  0  -1  2   2  1  0  0  0  0/1    21:52   1:03   0:00 
Michael Bournival        0  0  0   0  0   0  0  0  0  0  0/0     6:26   0:00   0:00 
Paul Byron               0  0  0  -1  0   1  1  0  0  0  0/2    18:19   0:56   2:21 
Rasmus Ristolainen       0  0  0   1  2   0  1  1  0  0  0/0    19:07   1:03   0:53 
Richard Panik            0  1  1   1  0   3  1  0  0  0  0/2    11:35   0:00   0:00 
Ryan Nugent-Hopkins      0  0  0  -1  0   0  0  0  0  0  10/25  18:30   0:56   2:32 
Tommy Wingels            0  1  1   1  0   1  1  0  0  0  0/0    12:44   0:00   1:09 
Zdeno Chara              0  0  0  -1  0   1  3  0  0  0  0/0    23:59   1:03   2:02 

Players Stats for Lightning

Player Name              G  A  P  +/- PIM S  H  SB GA TA FO     MP     PP MP  PK MP  
------------------------------------------------------------------------------------
Andrej Sekera            0  0  0   2  0   2  0  1  0  0  0/0    22:37   2:23   1:11 
Brad Hunt                0  0  0  -1  0   1  0  0  0  0  0/0    16:25   0:00   0:33 
Erik Gudbranson          0  0  0   0  2   0  1  4  0  0  0/0    20:01   1:18   0:00 
Henrik Sedin             0  0  0   0  0   0  0  0  0  0  17/26  19:29   1:23   1:13 
Henrik Zetterberg        0  1  1   0  0   1  0  0  0  0  0/0    17:53   1:23   0:00 
Jeff Carter              0  2  2   0  0   3  1  0  0  0  16/22  19:19   2:18   0:00 
Johnny Gaudreau          1  0  1   0  0   4  0  0  0  0  0/2    19:13   2:12   0:00 
Kevin Klein              0  1  1   0  0   0  1  0  0  0  0/0    20:54   0:57   1:12 
Kyle Quincey             0  0  0  -1  0   0  1  2  0  0  0/0    15:55   0:21   0:00 
Matt Hendricks           0  1  1   1  0   0  0  0  0  0  1/1     7:54   0:27   0:00 
Patric Hornqvist         1  0  1   0  0   6  4  0  0  0  1/2    17:32   1:02   0:00 
Patrick Eaves            0  1  1   0  0   2  0  0  0  0  0/1    19:19   2:18   0:00 
Teddy Purcell            0  1  1   1  0   2  0  0  0  0  0/0     7:54   0:27   0:00 
Tobias Rieder            0  0  0   0  0   2  0  0  0  0  1/2    13:16   0:21   0:00 
Travis Zajac             0  0  0   0  0   0  0  0  0  0  8/10   14:39   0:27   0:46 
Trevor Daley             1  0  1   2  0   3  0  1  0  0  0/0    21:48   2:23   1:02 
Troy Brouwer             0  0  0   0  0   2  1  0  0  0  0/0    14:08   0:00   1:13 
Vernon Fiddler           1  0  1   1  0   3  0  0  0  0  7/9     9:44   1:00   0:46 

3 Stars

1 - Devin Shore (DAL)
2 - Trevor Daley (TBL)
3 - Patric Hornqvist (TBL)

Power Play

Stars - 0 on 1 Attempt(s) - 0.00%
Lightning - 1 on 3 Attempt(s) - 33.33%

Penalty Kill

Stars - 2 on 3 Attempt(s) - 66.67% - Score 0 goal in Penalty Kill
Lightning - 1 on 1 Attempt(s) - 100.00% - Score 0 goal in Penalty Kill

Team Stat

Stars - Hits : 16 - Faceoff Wins : 24 - Blocked Shots : 7 - Penalty Minutes : 6
Lightning - Hits : 9 - Faceoff Wins : 51 - Blocked Shots : 8 - Penalty Minutes : 2

Official

Referees : Gord Dwyer and Mike Leggo
Linesman : Matt MacPherson and Jonny Murray

Game Notes

No Game Note

Finance

Level 1 -- Attendance: 6500 (100.00%) -- Ticket Income 715 000 $
Level 2 -- Attendance: 3438 (68.76%) -- Ticket Income 326 610 $
Level 3 -- Attendance: 2216 (63.31%) -- Ticket Income 166 200 $
Level 4 -- Attendance: 2249 (70.19%) -- Ticket Income 101 205 $
Luxury Box -- Attendance: 461 (46.10%) -- Ticket Income 165 960 $
Game was played at the Amalie Arena.
Total Attendance: 14864 (77.40%)
Total Ticket Income: 1 474 975 $
Other Income: 221 246 $
Total Income: 1 696 221 $

% Time on Ice - Stars

Lines # - Real PCT - Wanted PCT - Time Play
Normal Forward
1 - 39% - 40% - 20:50
2 - 28% - 30% - 15:02
3 - 21% - 20% - 11:35
4 - 12% - 10% - 6:26
Normal Defense
1 - 39% - 40% - 20:54
2 - 31% - 30% - 16:44
3 - 24% - 20% - 13:08
4 - 6% - 10% - 3:07
PP Forward
1 - 53% - 60% - 1:03
2 - 47% - 40% - 0:56
PP Defense
1 - 47% - 60% - 0:56
2 - 53% - 40% - 1:03
PK Forward
1 - 72% - 60% - 2:59
2 - 28% - 40% - 1:09
PK Defense
1 - 49% - 60% - 2:02
2 - 51% - 40% - 2:06
PK3 Forward
1 - 0% - 60%
2 - 0% - 40%
PK3 Defense
1 - 0% - 60%
2 - 0% - 40%
44 Forward
1 - 0% - 60%
2 - 0% - 40%
44 Defense
1 - 0% - 60%
2 - 0% - 40%
Last Minute Offensive  - 0:00
Last Minute Defensive  - 0:00
Total
Forward - 60:00
Defense - 60:00

% Time on Ice - Lightning

Lines # - Real PCT - Wanted PCT - Time Play
Normal Forward
1 - 32% - 40% - 17:01
2 - 31% - 30% - 16:30
3 - 24% - 20% - 12:55
4 - 14% - 10% - 7:27
Normal Defense
1 - 37% - 40% - 20:01
2 - 28% - 30% - 15:08
3 - 29% - 20% - 15:34
4 - 6% - 10% - 3:10
PP Forward
1 - 67% - 60% - 2:45
2 - 33% - 40% - 1:23
PP Defense
1 - 69% - 60% - 2:50
2 - 31% - 40% - 1:18
PK Forward
1 - 61% - 60% - 1:13
2 - 39% - 40% - 0:46
PK Defense
1 - 18% - 60% - 0:22
2 - 82% - 40% - 1:37
PK3 Forward
1 - 0% - 60%
2 - 0% - 40%
PK3 Defense
1 - 0% - 60%
2 - 0% - 40%
44 Forward
1 - 0% - 60%
2 - 0% - 40%
44 Defense
1 - 0% - 60%
2 - 0% - 40%
Last Minute Offensive  - 0:00
Last Minute Defensive  - 0:00
Total
Forward - 60:00
Defense - 60:00

Play by Play

1st period


0:01 of 1st period - Jack Eichel wins face-off versus Jeff Carter in neutral zone.
0:29 of 1st period - Off-side.
0:30 of 1st period - Ryan Nugent-Hopkins wins face-off versus Henrik Sedin in neutral zone.
0:38 of 1st period - Minor Penalty to Erik Gudbranson for Tripping.
0:39 of 1st period - Ryan Nugent-Hopkins wins face-off versus Henrik Sedin in Lightning zone.
1:51 of 1st period - Shot by Rasmus Ristolainen.
1:51 of 1st period - Shot Misses the Net.
1:53 of 1st period - Shot by Zdeno Chara.
1:53 of 1st period - Stopped by Kari Lehtonen without a rebound.
1:54 of 1st period - Jack Eichel wins face-off versus Henrik Sedin in Lightning zone.
2:26 of 1st period - Icing by Rasmus Ristolainen.
2:27 of 1st period - Henrik Sedin wins face-off versus Jack Eichel in Stars zone.
2:27 of 1st period - Henrik Sedin is hit by Zdeno Chara.
2:59 of 1st period - Shot by Devin Shore.
2:59 of 1st period - Goal by Devin Shore - Stars : 1 - Lightning : 0.
3:00 of 1st period - Matt Hendricks wins face-off versus John Mitchell in neutral zone.
3:43 of 1st period - Icing by Duncan Keith.
3:44 of 1st period - Henrik Sedin wins face-off versus John Mitchell in Stars zone.
3:45 of 1st period - Shot by Patric Hornqvist.
3:45 of 1st period - Stopped by Jonathan Quick with a rebound.
3:47 of 1st period - Shot by Patric Hornqvist.
3:47 of 1st period - Shot Blocked by Jonny Brodzinski.
3:49 of 1st period - Shot by Trevor Daley.
3:49 of 1st period - Stopped by Jonathan Quick without a rebound.
3:50 of 1st period - Henrik Sedin wins face-off versus Jack Eichel in Stars zone.
3:53 of 1st period - Shot by Patric Hornqvist.
3:53 of 1st period - Shot Misses the Net.
3:58 of 1st period - Icing by Jeff Petry.
3:59 of 1st period - Travis Zajac wins face-off versus Jack Eichel in Stars zone.
4:00 of 1st period - Shot by Andrej Sekera.
4:00 of 1st period - Deflect By Travis Zajac.
4:00 of 1st period - Shot Misses the Net.
4:12 of 1st period - Shot by Travis Zajac.
4:12 of 1st period - Deflect By Troy Brouwer.
4:12 of 1st period - Stopped by Jonathan Quick without a rebound.
4:13 of 1st period - Ryan Nugent-Hopkins wins face-off versus Jeff Carter in Stars zone.
5:32 of 1st period - Shot by Patric Hornqvist.
5:32 of 1st period - Stopped by Jonathan Quick without a rebound.
5:33 of 1st period - Devin Shore wins face-off versus Travis Zajac in Stars zone.
5:46 of 1st period - Shot by Richard Panik.
5:46 of 1st period - Stopped by Kari Lehtonen without a rebound.
5:47 of 1st period - Vernon Fiddler wins face-off versus John Mitchell in Lightning zone.
6:14 of 1st period - Shot by Vernon Fiddler.
6:14 of 1st period - Shot Misses the Net.
6:46 of 1st period - Icing by Duncan Keith.
6:47 of 1st period - Jack Eichel wins face-off versus Jeff Carter in Stars zone.
7:10 of 1st period - Shot by Kyle Okposo.
7:10 of 1st period - Deflect By Jack Eichel.
7:10 of 1st period - Shot Misses the Net.
8:11 of 1st period - Paul Byron is hit by Kyle Quincey.
9:53 of 1st period - Kevin Klein is hit by Jonathan Huberdeau and loses puck.
10:00 of 1st period - Icing by Zdeno Chara.
10:01 of 1st period - Jeff Carter wins face-off versus Jonathan Huberdeau in Stars zone.
10:20 of 1st period - Shot by Jonathan Huberdeau.
10:20 of 1st period - Shot Hit the Post.
11:43 of 1st period - Shot by Teddy Purcell.
11:43 of 1st period - Shot Misses the Net.
11:45 of 1st period - Shot by Andrej Sekera.
11:45 of 1st period - Stopped by Jonathan Quick with a rebound.
11:47 of 1st period - Shot by Teddy Purcell.
11:47 of 1st period - Shot Misses the Net.
11:49 of 1st period - Shot by Andrej Sekera.
11:49 of 1st period - Stopped by Jonathan Quick with a rebound.
11:53 of 1st period - Shot by Matt Hendricks.
11:53 of 1st period - Shot Hit the Post.
13:01 of 1st period - Duncan Keith is hit by Patric Hornqvist.
13:06 of 1st period - Off-side.
13:07 of 1st period - Tobias Rieder wins face-off versus Devin Shore in neutral zone.
13:07 of 1st period - Tobias Rieder is hit by Tommy Wingels.
13:11 of 1st period - Shot by Travis Zajac.
13:11 of 1st period - Shot Blocked by Duncan Keith.
13:21 of 1st period - Andrej Sekera is hit by Richard Panik and loses puck.
14:10 of 1st period - Shot by Johnny Gaudreau.
14:10 of 1st period - Stopped by Jonathan Quick without a rebound.
14:11 of 1st period - Henrik Sedin wins face-off versus Ryan Nugent-Hopkins in Stars zone.
14:14 of 1st period - Shot by Patric Hornqvist.
14:14 of 1st period - Shot Misses the Net.
14:59 of 1st period - Icing by Kevin Klein.
15:00 of 1st period - Henrik Sedin wins face-off versus Jack Eichel in Lightning zone.
15:19 of 1st period - Shot by Jack Eichel.
15:19 of 1st period - Stopped by Kari Lehtonen with a rebound.
16:00 of 1st period - Shot by Richard Panik.
16:00 of 1st period - Stopped by Kari Lehtonen with a rebound.
16:02 of 1st period - Shot by Brandon Manning.
16:02 of 1st period - Deflect By Tommy Wingels.
16:02 of 1st period - Shot Misses the Net.
16:04 of 1st period - Shot by Tommy Wingels.
16:04 of 1st period - Stopped by Kari Lehtonen without a rebound.
16:05 of 1st period - Travis Zajac wins face-off versus John Mitchell in Lightning zone.
16:18 of 1st period - Shot by Travis Zajac.
16:18 of 1st period - Shot Blocked by Rasmus Ristolainen.
16:35 of 1st period - Off-side.
16:36 of 1st period - Ryan Nugent-Hopkins wins face-off versus Vernon Fiddler in neutral zone.
16:39 of 1st period - Kevin Klein is hit by Paul Byron.
17:06 of 1st period - Vernon Fiddler is hit by Brandon Manning.
17:21 of 1st period - Patric Hornqvist is hit by Jeff Petry and loses puck.
18:30 of 1st period - Shot by Johnny Gaudreau.
18:30 of 1st period - Shot Misses the Net.
18:40 of 1st period - Shot by Patrick Eaves.
18:40 of 1st period - Stopped by Jonathan Quick with a rebound.
18:57 of 1st period - Icing by Duncan Keith.
18:58 of 1st period - Vernon Fiddler wins face-off versus Jack Eichel in Stars zone.
19:13 of 1st period - Shot by Vernon Fiddler.
19:13 of 1st period - Stopped by Jonathan Quick without a rebound.
19:14 of 1st period - Travis Zajac wins face-off versus Devin Shore in Stars zone.
Goals for this period are 1 for Stars vs 0 for Lightning.
Shots for this period are 6 for Stars vs 9 for Lightning.

2nd period


0:01 of 2nd period - Jack Eichel wins face-off versus Jeff Carter in neutral zone.
0:57 of 2nd period - Minor Penalty to Rasmus Ristolainen for Boarding.
0:58 of 2nd period - Henrik Sedin wins face-off versus Paul Byron in Stars zone.
4:17 of 2nd period - Jonathan Huberdeau is hit by Patric Hornqvist and loses puck.
4:24 of 2nd period - Shot by Henrik Zetterberg.
4:24 of 2nd period - Shot Misses the Net.
4:30 of 2nd period - Shot by Patric Hornqvist.
4:30 of 2nd period - Shot Misses the Net.
4:34 of 2nd period - Shot by Patric Hornqvist.
4:34 of 2nd period - Shot Misses the Net.
4:50 of 2nd period - Travis Zajac is hit by Kyle Okposo and loses puck.
5:14 of 2nd period - Icing by Duncan Keith.
5:15 of 2nd period - Jeff Carter wins face-off versus Devin Shore in Stars zone.
5:21 of 2nd period - Icing by Duncan Keith.
5:22 of 2nd period - Vernon Fiddler wins face-off versus Richard Panik in Stars zone.
7:04 of 2nd period - Zdeno Chara is hit by Patric Hornqvist and loses puck.
7:52 of 2nd period - Shot by Troy Brouwer.
7:52 of 2nd period - Stopped by Jonathan Quick without a rebound.
7:53 of 2nd period - Vernon Fiddler wins face-off versus Ryan Nugent-Hopkins in Stars zone.
7:53 of 2nd period - Vernon Fiddler is hit by Duncan Keith.
8:09 of 2nd period - Shot by Jakub Voracek.
8:09 of 2nd period - Shot Misses the Net.
9:11 of 2nd period - Shot by Kyle Okposo.
9:11 of 2nd period - Stopped by Kari Lehtonen with a rebound.
9:13 of 2nd period - Shot by Rasmus Ristolainen.
9:13 of 2nd period - Shot Misses the Net.
9:27 of 2nd period - Shot by Jonathan Huberdeau.
9:27 of 2nd period - Deflect By Jack Eichel.
9:27 of 2nd period - Stopped by Kari Lehtonen without a rebound.
9:28 of 2nd period - Jeff Carter wins face-off versus Jakub Voracek in Lightning zone.
9:45 of 2nd period - Shot by Patrick Eaves.
9:45 of 2nd period - Deflect By Jeff Carter.
9:45 of 2nd period - Stopped by Jonathan Quick without a rebound.
9:46 of 2nd period - Patric Hornqvist wins face-off versus Richard Panik in Stars zone.
10:41 of 2nd period - Icing by Patric Hornqvist.
10:42 of 2nd period - Ryan Nugent-Hopkins wins face-off versus Henrik Sedin in Lightning zone.
10:45 of 2nd period - Shot by Paul Byron.
10:45 of 2nd period - Stopped by Kari Lehtonen without a rebound.
10:46 of 2nd period - Jeff Carter wins face-off versus Ryan Nugent-Hopkins in Lightning zone.
12:19 of 2nd period - Shot by Tobias Rieder.
12:19 of 2nd period - Shot Misses the Net.
12:21 of 2nd period - Shot by Troy Brouwer.
12:21 of 2nd period - Shot Misses the Net.
12:35 of 2nd period - Shot by Henrik Sedin.
12:35 of 2nd period - Deflect By Henrik Zetterberg.
12:35 of 2nd period - Shot Blocked by Jeff Petry.
12:37 of 2nd period - Shot by Kevin Klein.
12:37 of 2nd period - Shot Misses the Net.
12:39 of 2nd period - Shot by Patric Hornqvist.
12:39 of 2nd period - Shot Blocked by Jeff Petry.
12:41 of 2nd period - Shot by Patric Hornqvist.
12:41 of 2nd period - Stopped by Jonathan Quick with a rebound.
12:43 of 2nd period - Shot by Patric Hornqvist.
12:43 of 2nd period - Goal by Patric Hornqvist - Stars : 1 - Lightning : 1.
12:44 of 2nd period - Devin Shore wins face-off versus Vernon Fiddler in neutral zone.
12:57 of 2nd period - Shot by Devin Shore.
12:57 of 2nd period - Stopped by Kari Lehtonen without a rebound.
12:58 of 2nd period - Ryan Nugent-Hopkins wins face-off versus Henrik Sedin in Lightning zone.
13:09 of 2nd period - Shot by Jakub Voracek.
13:09 of 2nd period - Stopped by Kari Lehtonen without a rebound.
13:10 of 2nd period - Travis Zajac wins face-off versus Devin Shore in Lightning zone.
13:33 of 2nd period - Shot by Devin Shore.
13:33 of 2nd period - Stopped by Kari Lehtonen without a rebound.
13:34 of 2nd period - Henrik Sedin wins face-off versus Ryan Nugent-Hopkins in Lightning zone.
13:42 of 2nd period - Icing by Rasmus Ristolainen.
13:43 of 2nd period - Jeff Carter wins face-off versus Ryan Nugent-Hopkins in Stars zone.
13:44 of 2nd period - Shot by Patrick Eaves.
13:44 of 2nd period - Shot Misses the Net.
13:46 of 2nd period - Shot by Johnny Gaudreau.
13:46 of 2nd period - Shot Hit the Post.
13:48 of 2nd period - Shot by Johnny Gaudreau.
13:48 of 2nd period - Stopped by Jonathan Quick without a rebound.
13:49 of 2nd period - Jeff Carter wins face-off versus Jack Eichel in Stars zone.
14:20 of 2nd period - Shot by Jeff Carter.
14:20 of 2nd period - Stopped by Jonathan Quick with a rebound.
15:19 of 2nd period - Shot by John Klingberg.
15:19 of 2nd period - Shot Misses the Net.
15:31 of 2nd period - Shot by Troy Brouwer.
15:31 of 2nd period - Deflect By Tobias Rieder.
15:31 of 2nd period - Shot Misses the Net.
15:33 of 2nd period - Shot by Tobias Rieder.
15:33 of 2nd period - Stopped by Jonathan Quick without a rebound.
15:34 of 2nd period - Vernon Fiddler wins face-off versus Devin Shore in Stars zone.
15:54 of 2nd period - Shot by Teddy Purcell.
15:54 of 2nd period - Shot Misses the Net.
15:56 of 2nd period - Shot by Matt Hendricks.
15:56 of 2nd period - Deflect By Vernon Fiddler.
15:56 of 2nd period - Goal by Vernon Fiddler - Stars : 1 - Lightning : 2.
15:57 of 2nd period - John Mitchell wins face-off versus Patrick Eaves in neutral zone.
16:11 of 2nd period - Shot by Jonny Brodzinski.
16:11 of 2nd period - Shot Hit the Post.
16:29 of 2nd period - Shot by John Klingberg.
16:29 of 2nd period - Stopped by Kari Lehtonen without a rebound.
16:30 of 2nd period - Henrik Sedin wins face-off versus Jack Eichel in Lightning zone.
16:48 of 2nd period - Shot by Jack Eichel.
16:48 of 2nd period - Shot Blocked by Erik Gudbranson.
16:50 of 2nd period - Shot by Jonathan Huberdeau.
16:50 of 2nd period - Shot Misses the Net.
17:02 of 2nd period - Shot by Henrik Zetterberg.
17:02 of 2nd period - Stopped by Jonathan Quick without a rebound.
17:03 of 2nd period - Travis Zajac wins face-off versus Ryan Nugent-Hopkins in Stars zone.
17:06 of 2nd period - Shot by Travis Zajac.
17:06 of 2nd period - Deflect By Tobias Rieder.
17:06 of 2nd period - Stopped by Jonathan Quick without a rebound.
17:07 of 2nd period - Jeff Carter wins face-off versus Ryan Nugent-Hopkins in Stars zone.
17:08 of 2nd period - Shot by Johnny Gaudreau.
17:08 of 2nd period - Goal by Johnny Gaudreau - Stars : 1 - Lightning : 3.
17:09 of 2nd period - Ryan Nugent-Hopkins wins face-off versus Jeff Carter in neutral zone.
17:09 of 2nd period - Ryan Nugent-Hopkins is hit by Jeff Carter.
18:05 of 2nd period - Icing by Rasmus Ristolainen.
18:06 of 2nd period - Henrik Sedin wins face-off versus Jack Eichel in Stars zone.
18:40 of 2nd period - Shot by John Klingberg.
18:40 of 2nd period - Shot Blocked by Erik Gudbranson.
18:42 of 2nd period - Shot by Rasmus Ristolainen.
18:42 of 2nd period - Shot Misses the Net.
18:44 of 2nd period - Shot by John Klingberg.
18:44 of 2nd period - Stopped by Kari Lehtonen without a rebound.
18:45 of 2nd period - Devin Shore wins face-off versus Travis Zajac in Lightning zone.
19:22 of 2nd period - Shot by Richard Panik.
19:22 of 2nd period - Stopped by Kari Lehtonen without a rebound.
19:23 of 2nd period - Jeff Carter wins face-off versus Paul Byron in Lightning zone.
19:34 of 2nd period - Shot by Johnny Gaudreau.
19:34 of 2nd period - Shot Misses the Net.
19:36 of 2nd period - Shot by Johnny Gaudreau.
19:36 of 2nd period - Stopped by Jonathan Quick without a rebound.
19:37 of 2nd period - Henrik Sedin wins face-off versus Jack Eichel in Stars zone.
19:38 of 2nd period - Shot by Patric Hornqvist.
19:38 of 2nd period - Stopped by Jonathan Quick without a rebound.
19:39 of 2nd period - Jeff Carter wins face-off versus Ryan Nugent-Hopkins in Stars zone.
19:42 of 2nd period - Shot by Trevor Daley.
19:42 of 2nd period - Stopped by Jonathan Quick without a rebound.
19:43 of 2nd period - Jeff Carter wins face-off versus Ryan Nugent-Hopkins in Stars zone.
19:43 of 2nd period - Johnny Gaudreau is hit by Zdeno Chara and loses puck.
Goals for this period are 0 for Stars vs 3 for Lightning.
Shots for this period are 9 for Stars vs 14 for Lightning.

3rd period


0:01 of 3rd period - Jack Eichel wins face-off versus Johnny Gaudreau in neutral zone.
0:06 of 3rd period - Shot by Jonathan Huberdeau.
0:06 of 3rd period - Shot Misses the Net.
0:34 of 3rd period - Icing by Andrej Sekera.
0:35 of 3rd period - Ryan Nugent-Hopkins wins face-off versus Jeff Carter in Lightning zone.
0:38 of 3rd period - Shot by Paul Byron.
0:38 of 3rd period - Shot Blocked by Trevor Daley.
0:45 of 3rd period - Off-side.
0:46 of 3rd period - Henrik Sedin wins face-off versus Devin Shore in neutral zone.
0:48 of 3rd period - Henrik Zetterberg is hit by Rasmus Ristolainen and loses puck.
1:05 of 3rd period - Shot by Devin Shore.
1:05 of 3rd period - Goal by Devin Shore - Stars : 2 - Lightning : 3.
1:06 of 3rd period - Travis Zajac wins face-off versus Ryan Nugent-Hopkins in neutral zone.
1:27 of 3rd period - Shot by Tobias Rieder.
1:27 of 3rd period - Shot Misses the Net.
2:03 of 3rd period - Shot by Kyle Okposo.
2:03 of 3rd period - Shot Blocked by Andrej Sekera.
2:13 of 3rd period - Shot by Kyle Okposo.
2:13 of 3rd period - Stopped by Kari Lehtonen without a rebound.
2:14 of 3rd period - Devin Shore wins face-off versus Henrik Sedin in Lightning zone.
2:47 of 3rd period - Shot by Devin Shore.
2:47 of 3rd period - Shot Blocked by Erik Gudbranson.
2:56 of 3rd period - Icing by Patric Hornqvist.
2:57 of 3rd period - Henrik Sedin wins face-off versus Kyle Okposo in Lightning zone.
2:57 of 3rd period - Henrik Sedin is hit by Jonathan Huberdeau.
2:58 of 3rd period - Minor Penalty to Kyle Okposo for Slashing.
2:59 of 3rd period - Jeff Carter wins face-off versus Ryan Nugent-Hopkins in Stars zone.
3:06 of 3rd period - Shot by Patrick Eaves.
3:06 of 3rd period - Stopped by Jonathan Quick with a rebound.
3:08 of 3rd period - Shot by Trevor Daley.
3:08 of 3rd period - Goal by Trevor Daley - Stars : 2 - Lightning : 4.
3:09 of 3rd period - Travis Zajac wins face-off versus Jack Eichel in neutral zone.
3:09 of 3rd period - Tobias Rieder is hit by Jonathan Huberdeau and loses puck.
4:18 of 3rd period - Shot by Jakub Voracek.
4:18 of 3rd period - Stopped by Kari Lehtonen without a rebound.
4:19 of 3rd period - Devin Shore wins face-off versus Henrik Sedin in Lightning zone.
4:46 of 3rd period - Shot by Tommy Wingels.
4:46 of 3rd period - Shot Blocked by Kyle Quincey.
5:33 of 3rd period - Ryan Nugent-Hopkins is hit by Erik Gudbranson and loses puck.
5:43 of 3rd period - Patrick Eaves is hit by John Mitchell and loses puck.
5:54 of 3rd period - Shot by John Mitchell.
5:54 of 3rd period - Stopped by Kari Lehtonen without a rebound.
5:55 of 3rd period - Travis Zajac wins face-off versus Jack Eichel in Lightning zone.
6:02 of 3rd period - Kyle Okposo is hit by Troy Brouwer and loses puck.
6:55 of 3rd period - Shot by Henrik Zetterberg.
6:55 of 3rd period - Deflect By Patric Hornqvist.
6:55 of 3rd period - Stopped by Jonathan Quick without a rebound.
6:56 of 3rd period - Vernon Fiddler wins face-off versus John Mitchell in Stars zone.
6:56 of 3rd period - Vernon Fiddler is hit by Zdeno Chara.
7:04 of 3rd period - Shot by Vernon Fiddler.
7:04 of 3rd period - Stopped by Jonathan Quick without a rebound.
7:05 of 3rd period - Henrik Sedin wins face-off versus Ryan Nugent-Hopkins in Stars zone.
7:57 of 3rd period - Icing by Andrej Sekera.
7:58 of 3rd period - Jeff Carter wins face-off versus Jack Eichel in Lightning zone.
8:05 of 3rd period - Shot by Patrick Eaves.
8:05 of 3rd period - Shot Misses the Net.
8:52 of 3rd period - Icing by John Klingberg.
8:53 of 3rd period - Henrik Sedin wins face-off versus Jack Eichel in Stars zone.
8:56 of 3rd period - Shot by Henrik Zetterberg.
8:56 of 3rd period - Shot Misses the Net.
8:58 of 3rd period - Shot by Brad Hunt.
8:58 of 3rd period - Stopped by Jonathan Quick without a rebound.
8:59 of 3rd period - Henrik Sedin wins face-off versus Devin Shore in Stars zone.
9:29 of 3rd period - Icing by Kevin Klein.
9:30 of 3rd period - Ryan Nugent-Hopkins wins face-off versus Henrik Sedin in Lightning zone.
9:40 of 3rd period - Icing by Erik Gudbranson.
9:41 of 3rd period - John Mitchell wins face-off versus Patric Hornqvist in Lightning zone.
9:52 of 3rd period - Icing by Erik Gudbranson.
9:53 of 3rd period - Henrik Sedin wins face-off versus Jack Eichel in Lightning zone.
10:43 of 3rd period - Off-side.
10:44 of 3rd period - Ryan Nugent-Hopkins wins face-off versus Tobias Rieder in neutral zone.
11:03 of 3rd period - Shot by Tobias Rieder.
11:03 of 3rd period - Shot Misses the Net.
11:53 of 3rd period - Shot by Tommy Wingels.
11:53 of 3rd period - Shot Misses the Net.
11:59 of 3rd period - Shot by Richard Panik.
11:59 of 3rd period - Shot Blocked by Kyle Quincey.
12:01 of 3rd period - Shot by Devin Shore.
12:01 of 3rd period - Shot Misses the Net.
12:14 of 3rd period - Tobias Rieder is hit by Jonny Brodzinski.
13:20 of 3rd period - Shot by Kyle Okposo.
13:20 of 3rd period - Deflect By Jack Eichel.
13:20 of 3rd period - Stopped by Kari Lehtonen without a rebound.
13:21 of 3rd period - Jakub Voracek wins face-off versus Johnny Gaudreau in Lightning zone.
13:50 of 3rd period - Icing by Johnny Gaudreau.
13:51 of 3rd period - Jeff Carter wins face-off versus Jack Eichel in Lightning zone.
13:56 of 3rd period - Shot by Jeff Carter.
13:56 of 3rd period - Stopped by Jonathan Quick without a rebound.
13:57 of 3rd period - Henrik Sedin wins face-off versus Jack Eichel in Stars zone.
14:12 of 3rd period - Shot by Jonathan Huberdeau.
14:12 of 3rd period - Deflect By Jack Eichel.
14:12 of 3rd period - Shot Blocked by Erik Gudbranson.
14:17 of 3rd period - Jonathan Huberdeau is hit by Kevin Klein and loses puck.
14:32 of 3rd period - Shot by Jack Eichel.
14:32 of 3rd period - Stopped by Kari Lehtonen with a rebound.
15:37 of 3rd period - Devin Shore is hit by Patric Hornqvist and loses puck.
15:57 of 3rd period - Minor Penalty to Brandon Manning for Interference.
15:58 of 3rd period - Jeff Carter wins face-off versus Ryan Nugent-Hopkins in Stars zone.
16:03 of 3rd period - Shot by Johnny Gaudreau.
16:03 of 3rd period - Deflect By Jeff Carter.
16:03 of 3rd period - Shot Blocked by Duncan Keith.
16:07 of 3rd period - Shot by Trevor Daley.
16:07 of 3rd period - Shot Misses the Net.
16:09 of 3rd period - Shot by Patrick Eaves.
16:09 of 3rd period - Shot Blocked by Duncan Keith.
16:11 of 3rd period - Shot by Trevor Daley.
16:11 of 3rd period - Shot Misses the Net.
17:02 of 3rd period - Shot by Teddy Purcell.
17:02 of 3rd period - Stopped by Jonathan Quick without a rebound.
17:03 of 3rd period - Jeff Carter wins face-off versus Ryan Nugent-Hopkins in Stars zone.
17:19 of 3rd period - Icing by Andrej Sekera.
17:20 of 3rd period - Jeff Carter wins face-off versus Ryan Nugent-Hopkins in Lightning zone.
18:14 of 3rd period - Icing by Rasmus Ristolainen.
18:15 of 3rd period - Vernon Fiddler wins face-off versus Jack Eichel in Stars zone.
18:26 of 3rd period - Shot by Teddy Purcell.
18:26 of 3rd period - Stopped by Jonathan Quick with a rebound.
18:55 of 3rd period - Off-side.
18:56 of 3rd period - Devin Shore wins face-off versus Henrik Sedin in neutral zone.
19:43 of 3rd period - Shot by Jeff Carter.
19:43 of 3rd period - Shot Misses the Net.
Goals for this period are 1 for Stars vs 1 for Lightning.
Shots for this period are 6 for Stars vs 8 for Lightning.